 Dungeon Crawl Stone Soup version 0.31-a0-1439-g542172135e (webtiles) character file.

Game seed: 2504111242993138564

345 Frosty the Digger (level 6, -3/34 HPs)
             Began as a Gargoyle Earth Elementalist on Dec 26, 2023.
             Slain by a +8 quarterstaff "Qeukliunn" {spect, Dex+2} (14 damage)
             ... created by a kobold
             ... on level 4 of the Dungeon on Dec 27, 2023.
             The game lasted 00:20:31 (3594 turns).

Frosty the Digger (Gargoyle Earth Elementalist)     Turns: 3594, Time: 00:20:32

Health: -3/34      AC:  8    Str: 11    XL:     6   Next: 58%
Magic:  0/10       EV: 11    Int: 18    God:
Gold:   178        SH:  0    Dex: 10    Spells: 10/11 levels left

rFire   . . .        a - +0 war axe
rCold   . . .        (no shield)
rNeg    + . .        r - +0 leather armour
rPois   ∞            (no helmet)
rElec   +            (no cloak)
rCorr   .            x - +0 pair of gloves
SInv    .            (no boots)
Will    .....        q - amulet of guardian spirit
Stlth   ++           (no ring)
HPRegen 0.25/turn    (no ring)
MPRegen 0.12/turn

%: guardian spirit
@: invisible
A: sickness immunity, AC +4, negative energy resistance 1, electricity
resistance, torment resistance 1, petrification resistance
a: no special abilities


You were on level 4 of the Dungeon.
You visited 1 branch of the dungeon, and saw 4 of its levels.
You also visited: Sewer.

You collected 206 gold pieces.
You spent 28 gold pieces at shops.

Inventory:

Hand Weapons
 a - a +0 war axe (weapon)
 b - a +0 sling
 g - a +0 dagger
 n - a +0 short sword
 o - a +0 short sword
 y - a +0 spear
 E - a +0 dagger of venom
Missiles
 d - a throwing net
 h - 3 silver javelins
 s - 6 poisoned darts
 F - 5 boomerangs
Armour
 r - a +0 leather armour (worn)
 x - a +0 pair of gloves (worn)
 G - a +0 robe
Magical Staves
 k - a staff of air
Jewellery
 e - a ring of ice
 q - an amulet of guardian spirit (around neck)
Talismans
 K - the blade talisman of Ykhus {rElec rPois Int+6 Stlth-}
   (You found it in a sewer)

   [blade talisman]

   Int+6:     It affects your intelligence (+6).
   rElec:     It insulates you from electricity.
   rPois:     It protects you from poison Stlth-: It makes you less stealthy.
Scrolls
 f - a scroll of vulnerability {unknown}
 j - a scroll of teleportation
 l - a scroll of fog
 m - 2 scrolls of blinking
 p - a scroll of enchant armour {unknown}
 u - a scroll of torment {unknown}
 D - a scroll of enchant weapon {unknown}
 H - a scroll of amnesia {unknown}
Potions
 c - a potion of ambrosia {unknown}
 i - a potion of lignification {unknown}
 t - a potion of degeneration {unknown}
 v - a potion of enlightenment {unknown}
 w - 3 potions of heal wounds {unknown}
 z - a potion of mutation {unknown}
 A - a potion of curing {unknown}
 B - a potion of invisibility
 C - a potion of cancellation {unknown}
 I - a potion of magic
 L - a potion of might {unknown}
Miscellaneous
 J - a phantom mirror


   Skills:
 + Level 1.4 Fighting
 + Level 0.8 Short Blades
 + Level 1.5 Axes
 + Level 1.4 Ranged Weapons
 + Level 1.8 Armour
 + Level 2.1 Dodging
 + Level 2.6 Stealth
 + Level 1.0 Unarmed Combat
 + Level 3.0 Spellcasting
 + Level 5.5 Earth Magic
 + Level 0.7 Alchemy


You had 10 spell levels left.
You knew the following spells:

 Your Spells              Type           Power      Damage    Failure   Level
a - Sandblast             Erth           44%        2d11      2%          1

Your spell library contained the following spells:

 Spells                   Type           Power      Damage    Failure   Level
 Passwall                 Erth           22%        N/A       7%          3
 Stone Arrow              Conj/Erth      24%        3d8       21%         3
 Magic Dart               Conj           8%         1d3       22%         1
 Blink                    Tloc           4%         N/A       32%         2
 Call Imp                 Summ           4%         N/A       32%         2
 Petrify                  Alch/Erth      14%        N/A       52%         4
 Brom's Barrelling Bould  Conj/Erth      12%        2d4       56%         4


Dungeon Overview and Level Annotations

Branches:
Dungeon (4/15)              Sewer (visited)
 Temple: D:4-7

Altars:

Shops:
D:2 ?

Annotations:
D:2 Sigmund


Innate Abilities, Weirdness & Mutations

You are immune to sickness and miasma.
Your stone body is resilient. (AC +4)
You are immune to poison.
You resist negative energy. (rN+)
You are resistant to electric shocks. (rElec)
You are resistant to unholy torment.
You are immune to petrification.


Message History

You open the door.
There is an open door here.
A kobold comes into view.
It is wielding the +8 quarterstaff "Qeukliunn" {spect, Dex+2}.
The kobold shouts!
Okay, then.
b - a +0 sling (weapon)
a - a +0 war axe (weapon)
A hobgoblin and a scorpion come into view.
Found a stone staircase leading up.
b - a +0 sling (weapon)
You shoot a sling bullet.
The sling bullet closely misses the kobold.
The hobgoblin shouts!
a - a +0 war axe (weapon)
The blast of sand misses the kobold.
The kobold barely misses you.
The +8 quarterstaff "Qeukliunn" {spect, Dex+2} completely misses you.
The kobold hits you but does no damage.
The +8 quarterstaff "Qeukliunn" {spect, Dex+2} completely misses you.
A +8 quarterstaff "Qeukliunn" {spect, Dex+2} comes into view.
You hit the scorpion.
The scorpion is moderately wounded.
You closely miss the +8 quarterstaff "Qeukliunn" {spect, Dex+2}.
You hit the kobold.
The scorpion stings you but does no damage.
The kobold hits you with the +8 quarterstaff "Qeukliunn" {spect, Dex+2}!
The +8 quarterstaff "Qeukliunn" {spect, Dex+2} closely misses you.
The scorpion misses you.
You barely miss the scorpion.
The scorpion is moderately wounded.
You closely miss the +8 quarterstaff "Qeukliunn" {spect, Dex+2}.
You closely miss the kobold. The kobold hits you but does no damage.
The +8 quarterstaff "Qeukliunn" {spect, Dex+2} closely misses you.
The scorpion closely misses you. The kobold misses you.
The +8 quarterstaff "Qeukliunn" {spect, Dex+2} hits you!
You fade into invisibility!
The scorpion stings you but does no damage.
The scorpion closely misses you.
The kobold hits you with the +8 quarterstaff "Qeukliunn" {spect, Dex+2}.
The +8 quarterstaff "Qeukliunn" {spect, Dex+2} hits you!
You die...

########### #.........#
########.........#######
......s@(...............
#####.#K#####.#.........
.......g...##'##........
#<.........#≈≈≈#........
######.....+≈≈≈+........
#.....#≈≈≈#........
......##+##.%......
#...... .........
#....... .........


You could see a +8 quarterstaff "Qeukliunn" {spect, Dex+2} (unable to see you),
a scorpion (unable to see you), a hobgoblin (unable to see you) and a kobold
(unable to see you).

Vanquished Creatures
  2 bullfrogs (Sewer)
  2 river rats (D:4)
  7 adders
  2 ufetubi (D:3)
  2 dart slugs
  20 endoplasms
  9 giant cockroaches
  7 goblins
  7 hobgoblins
  5 jackals
  10 quokkas
  15 ball pythons
  5 bats (D:1)
  7 frilled lizards
  6 kobolds (D:1)
  4 rats
110 creatures vanquished.

Notes
Turn   | Place    | Note
-------+----------+-------------------------------------------
     0 | D:1      | Frosty the Gargoyle Earth Elementalist began the quest for
                  | the Orb.
     0 | D:1      | Reached XP level 1. HP: 10/10 MP: 3/3
    50 | D:1      | Reached skill level 4 in Earth Magic
    56 | D:1      | Reached XP level 2. HP: 15/15 MP: 3/5
   653 | D:1      | Reached XP level 3. HP: 8/19 MP: 4/6
   766 | D:1      | Reached skill level 1 in Unarmed Combat
  1307 | D:2      | Found Innic's Magic Scroll Boutique.
  1311 | D:2      | Bought a scroll of identify for 28 gold pieces
  1417 | D:2      | Noticed Sigmund
  1568 | D:3      | Reached XP level 4. HP: 24/24 MP: 5/7
  2173 | D:3      | Reached skill level 5 in Earth Magic
  2805 | D:4      | Reached XP level 5. HP: 28/28 MP: 9/9
  2856 | D:4      | Found a glowing drain.
  2863 | Sewer    | Entered a sewer
  3217 | Sewer    | Reached skill level 1 in Armour
  3260 | Sewer    | Reached skill level 1 in Fighting
  3299 | Sewer    | Reached skill level 1 in Ranged Weapons
  3361 | Sewer    | Upgraded the game from 0.31-a0-1412-g7b7c7d10e1 to
                  | 0.31-a0-1439-g542172135e
  3371 | Sewer    | Reached skill level 1 in Axes
  3371 | Sewer    | Reached XP level 6. HP: 9/34 MP: 3/10
  3472 | Sewer    | Identified the blade talisman of Ykhus {rElec rPois Int+6
                  | Stlth-}
  3583 | D:4      | Identified the +8 quarterstaff "Qeukliunn" {spect, Dex+2}
  3594 | D:4      | Slain by a +8 quarterstaff "Qeukliunn" {spect, Dex+2}

Illustrated notes

Levels and vault maps discovered:
D:1:      erik_arrival_cave_to_civilisation [erik_arrival_cave_to_hall],
          layout_rooms, hangedman_abyss_or_decor_stabs, dk_noncrumbling_2,
          minmay_heptomino_h4
D:2:      layout_basic, serial_shops, shop, corexii_corridor_pit, uniq_sigmund
D:3:      layout_rooms, grunt_decor_resistance
D:4:      minmay_skewed_foursquare, layout_basic, gup_sewer_entry_bubbles,
          minmay_liquid_box

Skill      XL: |  1  2  3  4  5  6 |
---------------+-------------------+-----
Earth Magic    | 4 5 |  5.5
Unarmed Combat | 1 |  1.0
Dodging        | 2 |  2.1
Armour         | 1 |  1.8
Fighting       | 1 |  1.4
Ranged Weapons | 1 |  1.4
Axes           | 1 |  1.5
Spellcasting   | 3 |  3.0
Short Blades   | |  0.8
Stealth        | |  2.6
Alchemy        | |  0.7

Action                     |  1- 3 |  4- 6 || total
---------------------------+-------+-------++-------
  Melee: Unarmed           |    36 |       ||    36
         Punch             |     1 |       ||     1
         Short sword       |    43 |     8 ||    51
         Dagger            |     3 |     4 ||     7
         War axe           |       |    68 ||    68
   Fire: Sling             |       |    95 ||    95
   Cast: Sandblast         |    39 |    39 ||    78
    Use: Scroll            |       |     3 ||     3
         Potion            |       |     2 ||     2
 Armour: Robe              |    39 |    11 ||    50
         Leather armour    |       |    79 ||    79
  Dodge: Dodged            |    72 |   109 ||   181

Table legend: (Time is in decaauts)
 A = Elapsed time spent in this place.
 B = Non-inter-level travel time spent in this place.
 C = Inter-level travel time spent in this place.
 D = Time resting spent in this place.
 E = Time spent auto-exploring this place.
 F = Levels seen in this place.
 G = Mean time per level.
                   A        B        C        D        E       F      G
               +--------+--------+--------+--------+--------+-----+--------+
         Total |   3761 |   3601 |    160 |   1019 |   1659 |   5 |  752.2 |
       Dungeon |   3035 |   2875 |    160 |    852 |   1396 |   4 |  758.8 |
         Sewer |    726 |    726 |      0 |    167 |    263 |   1 |  726.0 |
               +--------+--------+--------+--------+--------+-----+--------+

Top non-repeatable levels by time:
     D:1: 1185 daAuts
     D:3: 1130 daAuts
   Sewer: 726 daAuts
     D:4: 384 daAuts
     D:2: 333 daAuts
